 Dungeon Crawl Stone Soup version 0.31-a0-1591-g515db51633 (webtiles) character file.

Game seed: 11132845415269478218

3789 jasper the Nimble (level 9, -2/57 HPs)
             Began as a Deep Elf Cinder Acolyte on Jan 5, 2024.
             Was a Priest of Ignis.
             Killed by vampiric draining
             ... invoked by a vampire
              (17 damage)
             ... on level 9 of the Dungeon on Jan 6, 2024.
             The game lasted 00:16:48 (7789 turns).

jasper the Nimble (Deep Elf Cinder Acolyte)         Turns: 7789, Time: 00:16:49

Health: -2/57      AC: 21    Str: 11    XL:     9   Next: 95%
Magic:  9/18       EV: 14    Int: 24    God:    Ignis [***...]
Gold:   246        SH:  4    Dex: 10    Spells: 7/18 levels left

rFire   + . .        m - +0 rapier (flame)
rCold   . . .        h - +0 buckler
rNeg    . . .        k - +0 leather armour
rPois   .            i - +2 hat
rElec   .            u - +0 cloak
rCorr   +            j - +0 pair of gloves
SInv    .            l - +2 pair of boots
Will    .....        r - amulet of magic regeneration
Stlth   +            d - ring of resist corrosion
HPRegen 0.29/turn    q - +4 ring of protection
MPRegen 0.56/turn

%: no passive effects
@: fiery-armoured
A: no striking features
a: Renounce Religion, Fiery Armour, Foxfire Swarm, Rising Flame


You were on level 9 of the Dungeon.
You worshipped Ignis.
Ignis was most pleased with you.
You visited 1 branch of the dungeon, and saw 9 of its levels.
You also visited: Bailey.

You collected 972 gold pieces.
You spent 726 gold pieces at shops.

Inventory:

Hand Weapons
 a - a -1 spear of flaming
 m - a +0 rapier of flaming (weapon)
Missiles
 c - 3 javelins
Armour
 b - a +0 robe
 h - a +0 buckler (worn)
 i - a +2 hat (worn)
 j - a +0 pair of gloves (worn)
 k - a +0 leather armour (worn)
 l - a +2 pair of boots (worn)
 u - a +0 cloak (worn)
Jewellery
 d - a ring of resist corrosion (left hand)
 n - a ring of flight
 o - the amulet of Cytefeziox {Acrobat Int+2 Dex+2 Slay+3}
   (You acquired it in a bailey)

   [amulet of the acrobat]

   Acrobat:   It increases your evasion while moving and waiting.
   Int+2:     It affects your intelligence (+2).
   Dex+2:     It affects your dexterity (+2).
   Slay+3:    It affects your accuracy & damage with ranged weapons and melee
   (+3).
 q - a +4 ring of protection (right hand)
 r - an amulet of magic regeneration (around neck)
 y - a ring of wizardry
Wands
 F - a wand of charming (8)
Scrolls
 s - a scroll of enchant armour
 B - a scroll of identify
 C - 2 scrolls of fog
 D - a scroll of revelation
Potions
 e - a potion of enlightenment
 g - a potion of attraction
 p - a potion of lignification
 t - a potion of heal wounds
 v - 2 potions of might {unknown}
 w - 2 potions of mutation {unknown}
 x - a potion of resistance {unknown}
 z - 2 potions of degeneration {unknown}
 A - a potion of magic {unknown}
 E - 2 potions of invisibility {unknown}


   Skills:
 + Level 7.1 Fighting
 - Level 2.1 Polearms
 + Level 9.4 Dodging
 - Level 4.4 Shields
 - Level 5.0 Spellcasting
 - Level 4.0 Hexes
 - Level 4.0 Summonings
 - Level 2.0 Necromancy
 - Level 2.0 Translocations
 - Level 3.3 Fire Magic


You had 7 spell levels left.
You knew the following spells:

 Your Spells              Type           Power      Damage    Failure   Level
a - Scorch                Fire           44%        2d6       6%          2
b - Apportation           Tloc           30%        N/A       7%          1
c - Necrotise             Necr           60%        1d7       7%          1
d - Summon Small Mammal   Summ           100%       N/A       3%          1
e - Call Canine Familiar  Summ           25%        N/A       10%         3
f - Sigil of Binding      Hex            25%        N/A       10%         3

Your spell library contained the following spells:

 Spells                   Type           Power      Damage    Failure   Level
 Sting                    Conj/Alch      24%        1d4       16%         1
 Dimensional Bullseye     Hex/Tloc       10%        N/A       43%         4


Dungeon Overview and Level Annotations

Branches:
Dungeon (9/15)             Temple (0/1) D:7          Bailey (visited)
   Lair: D:8-11         Orc: D:9-12

Altars:
Fedhas
Makhleb
Okawaru
Trog
Uskayaw
Yredelemnul
The Shining One

Shops:
D:3 =

Annotations:
D:6 Jeremiah


Message History

Reactivating autopickup.
The vampire hits you.
* * * LOW HITPOINT WARNING * * *
The vampire bites you but does no damage.
You take 1 damage, and have 17/57 hp.
You bump into the rock wall.
The vampire hits you!
* * * LOW HITPOINT WARNING * * *
The vampire barely misses you.
You take 7 damage, and have 10/57 hp.
You feel better.
The vampire hits you but does no damage.
The vampire misses you.
You regained 8 hp, and now have 18/57 hp.
A protective cloak of flame settles atop you.
The quasit disappears in a puff of smoke!
The vampire barely misses you.
The vampire bites you but does no damage.
The vampire is burned by your cloak of flames.
The vampire is lightly damaged.
The kobold demonologist looks satisfied for a moment.
There is a stone staircase leading down here.
The vampire barely misses you. The vampire bites you.
* * * LOW HITPOINT WARNING * * *
The vampire draws strength from your injuries!
The vampire is burned by your cloak of flames.
The vampire is lightly damaged.
You climb downwards.
There is a stone staircase leading up here.
You take 5 damage, and have 14/57 hp.
You hit the vampire. You burn the vampire.
The vampire is moderately damaged.
The vampire closely misses you.
The vampire bites you but does no damage.
The vampire is burned by your cloak of flames.
The vampire is heavily damaged.
Casting: Scorch (safe; 6% risk of failure)
Press: ? - help, Q - select action, (/) - cycle Dir - look around, f - activate Flames lash the vampire but do no damage.
The vampire draws life force from you!
You die...

# #.
##.
#..
##.#
#.V#
#@#
#.#
#.#
..#
..#
#..#
...#
...#


You could see a vampire.

Vanquished Creatures
  A deep elf pyromancer (D:8)
  A kobold demonologist (D:8)
  2 slime creatures (D:5)
  Menkaure (D:4)
  A water moccasin (D:5)
  A black bear (D:5)
  4 orc warriors (Bailey)
  An ice beast (D:7)
  3 ogres
  A phantom (D:3)
  The ghost of SuperJoe the Gusty, an amateur TeAE (D:4)
  A bullfrog (D:7)
  A kobold brigand (D:5)
  A scorpion (D:5)
  3 wights (D:7)
  6 killer bees (D:7)
  6 jellies
  2 orc priests
  4 hounds
  Crazy Yiuf (D:4)
  An iguana (D:5)
  Natasha (thrice) (D:2)
  6 orc wizards
  10 gnolls
  5 adders
  2 white imps (D:5)
  2 dart slugs
  4 ribbon worms (D:2)
  26 orcs
  8 bats
  7 endoplasms
  4 giant cockroaches
  15 goblins
  11 hobgoblins
  3 jackals
  11 kobolds
  A quokka (D:1)
  12 ball pythons
  3 frilled lizards
  7 rats
183 creatures vanquished.

Vanquished Creatures (collateral kills)
  2 orcs (Bailey)
  A goblin (Bailey)
  3 hobgoblins (Bailey)
6 creatures vanquished.

Grand Total: 189 creatures vanquished

Notes
Turn   | Place    | Note
-------+----------+-------------------------------------------
     0 | D:1      | jasper the Deep Elf Cinder Acolyte began the quest for the
                  | Orb.
     0 | D:1      | Reached XP level 1. HP: 13/13 MP: 5/5
   142 | D:1      | Reached XP level 2. HP: 18/18 MP: 7/7
   145 | D:1      | Learned a level 2 spell: Scorch
   147 | D:1      | Learned a level 1 spell: Apportation
   149 | D:1      | Learned a level 1 spell: Necrotise
   151 | D:1      | Learned a level 1 spell: Summon Small Mammal
   638 | D:1      | Reached XP level 3. HP: 22/22 MP: 5/10
   728 | D:1      | Reached skill level 1 in Shields
   815 | D:1      | Learned a level 3 spell: Call Canine Familiar
  1227 | D:2      | Noticed Natasha
  1229 | D:2      | Killed Natasha
  1270 | D:2      | Reached XP level 4. HP: 27/27 MP: 7/12
  1281 | D:2      | Learned a level 3 spell: Sigil of Binding
  1754 | D:2      | Noticed Natasha
  1764 | D:2      | Killed Natasha
  1765 | D:2      | Reached skill level 1 in Hexes
  1889 | D:2      | Noticed Natasha
  1891 | D:2      | Killed Natasha
  1892 | D:2      | Reached skill level 1 in Necromancy
  1892 | D:2      | Reached XP level 5. HP: 31/31 MP: 8/13
  2186 | D:2      | Reached skill level 1 in Summonings
  2186 | D:2      | Reached skill level 1 in Translocations
  2306 | D:2      | Upgraded the game from 0.31-a0-1589-g8f5e8aebd6 to
                  | 0.31-a0-1591-g515db51633
  2800 | D:3      | Noticed a phantom
  2807 | D:3      | Killed a phantom
  2915 | D:3      | Found a faded altar of an unknown god.
  3304 | D:3      | Found a glowing golden altar of the Shining One.
  3382 | D:3      | Found Zepsiv's Jewellery Shop.
  3610 | D:4      | Reached XP level 6. HP: 36/36 MP: 12/15
  3682 | D:4      | Reached skill level 5 in Spellcasting
  3756 | D:4      | Identified a scroll of acquirement
  3756 | D:4      | Acquired 764 gold pieces
  3792 | D:3      | Bought a +4 ring of protection for 396 gold pieces
  3792 | D:3      | Bought an amulet of magic regeneration for 330 gold pieces
  4141 | D:4      | Found a runed translucent door.
  4142 | D:4      | Noticed Crazy Yiuf
  4148 | D:4      | Killed Crazy Yiuf
  4276 | D:4      | Noticed Menkaure
  4280 | D:4      | Killed Menkaure
  4350 | D:4      | Found a runed translucent door.
  4354 | D:4      | Noticed SuperJoe's ghost (amateur TeAE)
  4366 | D:4      | Killed SuperJoe's ghost
  4367 | D:4      | Reached XP level 7. HP: 34/40 MP: 3/16
  4690 | D:5      | Entered Level 5 of the Dungeon
  5093 | D:5      | Noticed a slime creature
  5182 | D:5      | Noticed a slime creature
  5215 | D:5      | Killed a slime creature
  5216 | D:5      | Reached skill level 1 in Dodging
  5217 | D:5      | Killed a slime creature
  5218 | D:5      | Reached skill level 2 in Dodging
  5218 | D:5      | Reached XP level 8. HP: 44/46 MP: 4/17
  5266 | D:5      | Reached skill level 3 in Dodging
  5274 | D:5      | Found a hide-covered altar of Uskayaw.
  5274 | D:5      | Found a bloodstained altar of Trog.
  5274 | D:5      | Found a basalt altar of Yredelemnul.
  5274 | D:5      | Found a blossoming altar of Fedhas.
  5274 | D:5      | Found a burning altar of Makhleb.
  5274 | D:5      | Found an iron altar of Okawaru.
  5423 | D:5      | Reached skill level 4 in Dodging
  5760 | D:5      | Reached skill level 5 in Dodging
  6058 | D:6      | Noticed Jeremiah
  6133 | D:7      | Reached skill level 5 in Fighting
  6133 | D:7      | Reached skill level 6 in Dodging
  6166 | D:7      | Reached XP level 9. HP: 40/54 MP: 1/18
  6507 | D:7      | Reached skill level 7 in Dodging
  6628 | D:7      | Found a staircase to the Ecumenical Temple.
  6972 | D:8      | Found a flagged portal.
  7006 | Bailey   | Entered a bailey
  7134 | Bailey   | Reached skill level 8 in Dodging
  7484 | Bailey   | Noticed an orc warlord
  7535 | Bailey   | Acquired the amulet of Cytefeziox {Acrobat Int+2 Dex+2
                  | Slay+3}
  7758 | D:8      | Noticed a deep elf pyromancer
  7758 | D:8      | Noticed a kobold demonologist
  7758 | D:8      | Noticed a kobold demonologist
  7765 | D:8      | Noticed a rust devil
  7765 | D:8      | Killed a kobold demonologist
  7766 | D:8      | Noticed an ice devil
  7768 | D:8      | Noticed a smoke demon
  7768 | D:8      | Killed a deep elf pyromancer
  7769 | D:8      | Reached skill level 9 in Dodging
  7789 | D:9      | Killed from afar by a vampire

Illustrated notes

Levels and vault maps discovered:
D:1:      minmay_arrival_radiant_lines, layout_loops_ring
D:2:      minmay_diamond_boxcup, layout_basic, uniq_natasha
D:3:      layout_basic, tso_altar, serial_shops, nicolae_shop_waterfront,
          ebering_ecumenical_altar_hall
D:4:      layout_loops_ring, gammafunk_ghost_grave, nrook_loot_triangle,
          serial_bayou_ford_a, uniq_menkaure, uniq_crazy_yiuf_cottage
D:5:      cheibrodos_fertilizer, layout_loops_corners
D:6:      layout_cave_pools, uniq_jeremiah, uniq_sigmund
D:7:      layout_loops_cross, minmay_temple_entry_sparse_star
D:8:      layout_basic, enter_bailey_2, serial_library_hellmonk_metal_room,
          uniq_erica
D:9:      layout_layer_cave, grunt_decor_one_mirror, kennysheep_windowed_goal

Skill      XL: |  1  2  3  4  5  6  7  8  9 |
---------------+----------------------------+-----
Spellcasting   | 2 3 4 5 |  5.0
Shields        | 1 2 4 |  4.4
Hexes          | 1 2 4 |  4.0
Necromancy     | 1 2 |  2.0
Summonings     | 1 2 4 |  4.0
Translocations | 1 2 |  2.0
Dodging        | 2 6 9 |  9.4
Fighting       | 3 5 7 |  7.1
Polearms       | |  2.1
Fire Magic     | |  3.3

Action                     |  1- 3 |  4- 6 |  7- 9 || total
---------------------------+-------+-------+-------++-------
  Melee: Spear             |    32 |    14 |    74 ||   120
         Rapier            |       |       |    12 ||    12
  Throw: Javelin           |       |       |     3 ||     3
   Cast: Scorch            |    29 |    92 |   207 ||   328
         Call Canine Famil |       |       |    10 ||    10
         Apportation       |       |       |     1 ||     1
         Sigil of Binding  |       |       |     6 ||     6
         Summon Small Mamm |       |       |     1 ||     1
 Invoke: Fiery Armour      |       |     2 |     5 ||     7
    Use: Scroll            |       |     8 |     9 ||    17
         Potion            |       |       |     7 ||     7
 Armour: Robe              |    13 |    18 |       ||    31
         Leather armour    |       |    10 |   189 ||   199
  Dodge: Dodged            |    14 |    18 |   153 ||   185
  Block: Buckler           |     1 |    11 |    45 ||    57

Table legend: (Time is in decaauts)
 A = Elapsed time spent in this place.
 B = Non-inter-level travel time spent in this place.
 C = Inter-level travel time spent in this place.
 D = Time resting spent in this place.
 E = Time spent auto-exploring this place.
 F = Levels seen in this place.
 G = Mean time per level.
                   A        B        C        D        E       F      G
               +--------+--------+--------+--------+--------+-----+--------+
         Total |   7808 |   7596 |    212 |    106 |   6262 |  10 |  780.8 |
       Dungeon |   7246 |   7034 |    212 |     91 |   5923 |   9 |  805.1 |
        Bailey |    561 |    561 |      0 |     15 |    339 |   1 |  561.0 |
               +--------+--------+--------+--------+--------+-----+--------+

Top non-repeatable levels by time:
     D:2: 1673 daAuts
     D:5: 1299 daAuts
     D:4: 1103 daAuts
     D:1: 1018 daAuts
     D:3: 907 daAuts
     D:7: 754 daAuts
  Bailey: 561 daAuts
     D:8: 409 daAuts
     D:6: 77 daAuts
     D:9: 2 daAuts
